 Dungeon Crawl Stone Soup version 0.28.0-1-gb440e238dd (webtiles) character file.

Game seed: 14129334741491918188

48 ReploidZero the Digger (level 3, -9/28 HPs)
             Began as a Deep Dwarf Earth Elementalist on Feb 20, 2022.
             Mangled by a water elemental (11 damage)
             ... created by the adversity of Qazlal
             ... on level 2 of the Dungeon.
             The game lasted 00:03:58 (881 turns).

ReploidZero the Digger (DDEE)                        Turns: 881, Time: 00:03:58

Health: -9/28      AC:  2    Str: 11    XL:     3   Next: 50%
Magic:  3/5        EV: 12    Int: 17    God:
Gold:   32         SH:  0    Dex: 13    Spells: 1/7 levels left

rFire   . . .      SeeInvis .   i - +0 hand axe
rCold   . . .      Faith    .   (no shield)
rNeg    . . .      Spirit   .   b - +0 robe
rPois   .          Reflect  .   a - +0 hat
rElec   .          Harm     .   (no cloak)
rCorr   .          Rampage  .   (no gloves)
Will    .....                   (no boots)
Stlth   ++........              (no amulet)
HPRegen 0.00/turn               (no ring)
MPRegen 0.09/turn               (no ring)

@: no status effects
A: damage resistance, heal wounds, sense surroundings 1, no regeneration
a: Heal Wounds


You were on level 2 of the Dungeon.
You visited 1 branch of the dungeon, and saw 2 of its levels.

You collected 32 gold pieces.

Inventory:

Hand Weapons
 i - a +0 hand axe (weapon)
Missiles
 c - 25 stones
Armour
 a - a +0 hat (worn)
 b - a +0 robe (worn)
Jewellery
 g - an amulet of guardian spirit
Scrolls
 f - a scroll of vulnerability {unknown}
 h - 2 scrolls of identify {unknown}
Potions
 d - 2 potions of curing {unknown}
 e - 2 potions of heal wounds {unknown}


   Skills:
 - Level 2.1 Dodging
 - Level 2.4 Stealth
 + Level 2.6 Spellcasting
 - Level 1.0 Transmutations
 + Level 5.1 Earth Magic


You had one spell level left.
You knew the following spells:

 Your Spells              Type           Power      Damage    Failure   Level
a - Sandblast             Erth           38%        2d10      2%          1
b - Passwall              Tmut/Erth      10%        N/A       8%          2
c - Stone Arrow           Conj/Erth      20%        3d8       19%         3

Your spell library contained the following spells:

 Spells                   Type           Power      Damage    Failure   Level
 Petrify                  Tmut/Erth      12%        N/A       45%         4


Dungeon Overview and Level Annotations

Branches:
Dungeon (2/15)

Altars:
Qazlal


Innate Abilities, Weirdness & Mutations

You are resistant to damage.
You can heal yourself by infusing magical energy.
You passively map a small area around you.
You do not regenerate.


Message History

You kill the worm!
Unknown command.
Aiming: Sandblast (safe; 2% risk of failure)
Press: ? - help, Q - select action, (/) - cycle Shift-Dir - straight line, f - you That would be overly suicidal.
Okay, then.
Unknown command.
Aiming: Sandblast (safe; 2% risk of failure)
Press: ? - help, Q - select action, (/) - cycle Shift-Dir - straight line, f - giant cockroach
Aim: a giant cockroach (79% to hit)
The blast of sand hits the giant cockroach!
You kill the giant cockroach!
Unknown command.
You are too injured to fight recklessly!
You are too injured to fight recklessly!
Magic restored.
Found a chain mail.
Found two stone staircases leading down.
Qazlal incites the elements against you!
A water elemental and a basilisk come into view.
There are monsters nearby!
There are monsters nearby!
There are monsters nearby!
Aiming: Sandblast (safe; 2% risk of failure)
Press: ? - help, Q - select action, (/) - cycle Shift-Dir - straight line, f - water elemental
Aim: a water elemental (durably summoned, 87% to hit)
The blast of sand hits the water elemental but does no damage.
Unknown command.
Unknown command.
Aiming: Sandblast (safe; 2% risk of failure)
Press: ? - help, Q - select action, (/) - cycle Shift-Dir - straight line, f/p - water elemental
Aim: a water elemental (durably summoned, 87% to hit)
The blast of sand hits the water elemental!
The water elemental is moderately damaged.
The basilisk bites you but does no damage.
The water elemental hits you!
* * * LOW HITPOINT WARNING * * *
An adder comes into view.
The water elemental hits you!
You die...

* ,* **##....S........ .
, ................ ..
**#####...............
...###...#...............
........................
,,
*,......##.............>
,* #...##.............. ,
,, ,
#..#.<..†.....@........ ,
, #............El.......
, #...####.####.##..[.#.#
, #.#< #...#..#*###...>
*# #* ###...## * #.# **
#.....# # * #.###.# ....
.# , , ..... .


You could see a water elemental, a basilisk and an adder (asleep).

Vanquished Creatures
  A worm (D:2)
  A dart slug (D:1)
  2 ball pythons (D:1)
  5 bats (D:1)
  2 endoplasms (D:1)
  3 giant cockroaches
  5 goblins (D:1)
  3 hobgoblins (D:1)
  2 jackals (D:1)
  2 quokkas (D:1)
  11 frilled lizards (D:1)
  3 rats (D:1)
40 creatures vanquished.

Notes
Turn   | Place    | Note
-------+----------+-------------------------------------------
     0 | D:1      | ReploidZero the Deep Dwarf Earth Elementalist began the
                  | quest for the Orb.
     0 | D:1      | Reached XP level 1. HP: 15/15 MP: 3/3
    28 | D:1      | Found a faded altar of an unknown god.
    36 | D:1      | Reached skill level 1 in Transmutations
    74 | D:1      | Prayed at the altar of an unknown god.
    74 | D:1      | Became a worshipper of Qazlal Stormbringer
    74 | D:1      | Reached * piety under Qazlal
    89 | D:1      | Fell from the grace of Qazlal
   154 | D:1      | Reached XP level 2. HP: 22/22 MP: 3/5
   354 | D:1      | Noticed an earth elemental
   471 | D:1      | Reached XP level 3. HP: 16/28 MP: 6/6
   474 | D:1      | Learned a level 2 spell: Passwall
   478 | D:1      | Learned a level 3 spell: Stone Arrow
   687 | D:1      | Reached skill level 5 in Earth Magic
   879 | D:2      | Noticed a water elemental
   879 | D:2      | Noticed a basilisk
   881 | D:2      | Mangled by a water elemental

Illustrated notes

Levels and vault maps discovered:
D:1:      erik_arrival_blinker_ship, layout_rooms, shapermc_ecumenical_altar_gd,
          minmay_lizard_pond
D:2:      layout_rooms, uniq_terence, uniq_jessica, uniq_natasha

Skill      XL: |  1  2  3 |
---------------+----------+-----
Transmutations | 1 |  1.0
Spellcasting   | 2 |  2.6
Earth Magic    | 5 |  5.1
Dodging        | |  2.1
Stealth        | |  2.4

Action                   || total
-------------------------++-------
Melee: Dagger            ||    63
       Punch             ||     2
       Hand axe          ||    42
 Cast: Sandblast         ||    24
Invok: Renounce Religion ||     1
 Abil: Heal Wounds       ||     2
Armor: Robe              ||    20
Dodge: Dodged            ||    88
